 Dungeon Crawl Stone Soup version 0.26.1-11-gd32895ea62 (webtiles) character file.

Game seed: 13765961169928172790

678 Arcadio the Shield-Bearer (level 7, -5/66 HPs)
             Began as a Deep Dwarf Fighter on May 22, 2021.
             Killed from afar by Ijyb (16 damage)
             ... with an iceblast
             ... on level 4 of the Dungeon.
             The game lasted 00:08:42 (2803 turns).

Arcadio the Shield-Bearer (Deep Dwarf Fighter)      Turns: 2803, Time: 00:08:42

Health: -5/66      AC: 11    Str: 22    XL:     7   Next: 34%
Magic:  7/7        EV:  7    Int:  8    God:
Gold:   222        SH: 10    Dex: 12    Spells: 6/6 levels left

rFire    . . .     SeeInvis .   a - +0 war axe
rCold    . . .     Faith    .   c - +0 kite shield
rNeg     . . .     Spirit   .   b - +0 scale mail
rPois    .         Reflect  .   f - +0 helmet
rElec    .         Harm     .   (no cloak)
rCorr    .         Rampage  .   t - +2 pair of gloves
Will     ++...                  (no boots)
Stlth    ..........             (no amulet)
HPRegen  0.00/turn              x - ring of willpower
MPRegen  0.10/turn              (no ring)

@: non-regenerating
A: damage resistance, heal wounds, sense surroundings 1, no regeneration
a: Heal Wounds


You were on level 4 of the Dungeon.
You visited 1 branch of the dungeon, and saw 4 of its levels.

You collected 222 gold pieces.

Inventory:

Hand Weapons
 a - a +0 war axe (weapon)
 l - a +0 dagger
Missiles
 o - 9 poisoned darts (quivered)
Armour
 b - a +0 scale mail (worn)
 c - a +0 kite shield (worn)
 f - a +0 helmet (worn)
 r - a +0 helmet
 t - a +2 pair of gloves (worn)
Jewellery
 x - a ring of willpower (left hand)
 y - an uncursed amulet of reflection {unknown}
Scrolls
 e - a scroll of random uselessness {unknown}
 g - a scroll of fear {unknown}
 h - 2 scrolls of remove curse
 i - a scroll of magic mapping {unknown}
 j - a scroll of enchant armour {unknown}
 k - a scroll of enchant weapon {unknown}
 p - 2 scrolls of blinking {unknown}
 s - a scroll of teleportation {unknown}
 w - 3 scrolls of identify
Potions
 d - a potion of might
 m - a potion of brilliance
 n - a potion of ambrosia
 q - 2 potions of magic
 u - 2 potions of curing
 v - a potion of flight


   Skills:
 + Level 4.5 Fighting
 + Level 4.8 Axes
 + Level 5.4 Armour
 + Level 5.5 Shields


You had 6 spell levels left.
You didn't know any spells.
Your spell library contained the following spells:

 Spells                   Type           Power        Failure   Level
 Confusing Touch          Hex            0%           100%        3
 Gell's Gravitas          Tloc           0%           100%        3
 Petrify                  Tmut/Erth      0%           100%        4
 Metabolic Englaciation   Hex/Ice        0%           100%        5
 Yara's Violent Unravell  Hex/Tmut       0%           100%        5


Dungeon Overview and Level Annotations

Branches:
Dungeon (4/15)
 Temple: D:4-7

Altars:
Ru
Vehumet
Wu Jian

Annotations:
D:4 Ijyb


Innate Abilities, Weirdness & Mutations

You are resistant to damage.
You can heal yourself by infusing magical energy.
You passively map a small area around you.
You do not regenerate.


Message History

The howler monkey is almost dead.
The howler monkey hoots and howls with incredible vigour!
The howler monkey hits you.
You barely miss the howler monkey.
The howler monkey is almost dead.
You block the howler monkey's attack.
You slash the howler monkey!
You kill the howler monkey!
Ijyb the Twisted Goblin comes into view.
She is carrying a wand of iceblast (9).
You slash the gnoll!
The gnoll is almost dead.
You block the gnoll's attack. x2
You slash the gnoll!
You kill the gnoll!
Your scale mail prevents you from hitting the orc.
You block the orc's attack.
Ijyb zaps a wand.
The mass of ice explodes!
The iceblast engulfs the orc!
The orc dies!
The iceblast engulfs you!
You die...

, #+#+###.##.#########
, ,
#...................
#.#.##.....######### ,
, #.#.##.....######## ,
#.#.##............#
*#>...+............#
#.#.##............#
#....'....(.......##
###@##.............†
####)######........##
#......(...........#
......................#
*
##.....g..............#
#..............#.....##
#.....#################
#..... # #.....* #


You could see Ijyb.

Vanquished Creatures
  Menkaure (D:4)
  A phantom (D:4)
  A scorpion (D:2)
  A howler monkey (D:4)
  2 hounds (D:4)
  An orc wizard (D:3)
  Natasha (twice) (D:3)
  2 worker ants
  7 gnolls
  4 adders
  2 oozes
  A worm (D:3)
  3 dart slugs
  A leopard gecko (D:4)
  6 orcs (D:3)
  8 bats
  5 giant cockroaches
  7 goblins
  4 hobgoblins
  A quokka (D:2)
  A ball python (D:1)
  4 frilled lizards
  8 kobolds
  7 rats
80 creatures vanquished.

Vanquished Creatures (others)
  An orc (D:4)
1 creature vanquished.

Grand Total: 81 creatures vanquished

Notes
Turn   | Place    | Note
-------+----------+-------------------------------------------
     0 | D:1      | Arcadio the Deep Dwarf Fighter began the quest for the Orb.
     0 | D:1      | Reached XP level 1. HP: 20/20 MP: 1/1
   127 | D:1      | Reached XP level 2. HP: 25/27 MP: 2/2
   276 | D:1      | Reached XP level 3. HP: 32/34 MP: 3/3
   795 | D:2      | Noticed a scorpion
   802 | D:2      | Killed a scorpion
   803 | D:2      | Reached XP level 4. HP: 34/42 MP: 4/4
  1194 | D:2      | Found a radiant altar of Vehumet.
  1204 | D:2      | Reached XP level 5. HP: 23/49 MP: 5/5
  1390 | D:3      | Found an ornate altar of the Wu Jian Council.
  1397 | D:3      | Noticed a spectral centipede
  1397 | D:3      | Noticed a spectral black mamba
  1397 | D:3      | Noticed a spectral cane toad
  1437 | D:3      | Noticed Natasha
  1441 | D:3      | Killed Natasha
  1658 | D:3      | Noticed Natasha
  1669 | D:3      | Killed Natasha
  1869 | D:3      | Reached XP level 6. HP: 31/57 MP: 6/6
  2320 | D:4      | Noticed Menkaure
  2341 | D:4      | Killed Menkaure
  2342 | D:4      | Reached skill level 5 in Armour
  2342 | D:4      | Reached skill level 5 in Shields
  2361 | D:4      | Found a sacrificial altar of Ru.
  2416 | D:4      | Reached XP level 7. HP: 20/64 MP: 7/7
  2800 | D:4      | Noticed Ijyb
  2803 | D:4      | Killed from afar by Ijyb

Illustrated notes

Levels and vault maps discovered:
D:1:      minmay_arrival_four_circles, layout_basic
D:2:      layout_rooms, vehumet_crystals
D:3:      layout_basic, pdpol_wu_jian_five_deadly_venoms, uniq_natasha
D:4:      layout_basic, kennysheep_mini, nicolae_overflow_crystal_walls,
          minmay_misc_feat_columns, uniq_menkaure, uniq_ijyb

Skill      XL: |  1  2  3  4  5  6 |
---------------+-------------------+-----
Fighting       | 3 4 |  4.5
Axes           | 3 4 |  4.8
Armour         | 4 5 |  5.4
Shields        | 4 5 |  5.5

Action                   |  1- 3 |  4- 6 |  7- 9 || total
-------------------------+-------+-------+-------++-------
Melee: War axe           |    81 |   176 |    40 ||   297
Throw: Dart              |       |     4 |       ||     4
 Abil: Heal Wounds       |       |     3 |       ||     3
  Use: Scroll            |     3 |     3 |       ||     6
Armor: Scale mail        |    44 |    70 |     8 ||   122
Dodge: Dodged            |    25 |    48 |     9 ||    82
Block: Kite shield       |    38 |    67 |    22 ||   127
